 Dungeon Crawl Stone Soup version 0.31-a0-986-g5e6e4ef867 (webtiles) character file.

Game seed: 16345792298472006335

74 gandelin the Chopper (level 4, -5/45 HPs)
             Began as an Ogre Gladiator on Nov 2, 2023.
             Was a Priest of Cheibriados.
             Killed by divine providence
             ... invoked by an orc priest
              (17 damage)
             ... on level 4 of the Dungeon on Nov 3, 2023.
             The game lasted 00:30:00 (1476 turns).

gandelin the Chopper (Ogre Gladiator)               Turns: 1476, Time: 00:30:01

Health: -5/45      AC:  4    Str: 24    XL:     4   Next: 30%
Magic:  4/4        EV: 11    Int: 15    God:    Cheibriados [***...]
Gold:   138        SH:  5    Dex: 18    Spells: 3/3 levels left

rFire   . . .        a - +1 war axe
rCold   . . .        (no shield)
rNeg    . . .        j - +0 robe
rPois   .            c - +0 hat
rElec   .            o - +0 cloak
rCorr   .            (gloves unavailable)
SInv    .            (boots unavailable)
Will    .....        r - amulet of reflection
Stlth   ++           (no ring)
HPRegen 0.27/turn    (no ring)
MPRegen 0.09/turn

%: reflection
@: very slow
A: large, unfitting armour, tough skin 1
a: Renounce Religion, Bend Time, Temporal Distortion


You were on level 4 of the Dungeon.
You worshipped Cheibriados.
Cheibriados was most pleased with you.
You visited 1 branch of the dungeon, and saw 4 of its levels.

You collected 138 gold pieces.

Inventory:

Hand Weapons
 a - a +1 war axe (weapon)
 g - a +0 club
 l - a +0 dagger
 m - a +0 short sword
 p - a +0 whip
 q - a +0 sling
 s - a +0 dagger
 u - a +0 dagger
 v - a +0 short sword
 w - a +0 club
 y - a +0 short sword
 z - a +0 mace
 A - a +0 club
 B - a +0 club
 F - a +0 short sword
Missiles
 d - 4 throwing nets (quivered)
 e - a large rock
 t - 17 stones
Armour
 b - a +0 robe
 c - a +0 hat (worn)
 f - a +0 scale mail
 h - a +0 ring mail
 i - a +0 scale mail
 j - a +0 robe (worn)
 o - a +0 cloak (worn)
 C - a +0 leather armour
 I - a +0 robe
Jewellery
 r - an amulet of reflection (around neck)
Scrolls
 E - 2 scrolls of poison {unknown}
 G - a scroll of enchant armour {unknown}
 H - a scroll of summoning {unknown}
Potions
 k - a potion of might {unknown}
 n - a potion of brilliance {unknown}
 x - a potion of enlightenment {unknown}
 D - a potion of mutation {unknown}


   Skills:
 + Level 3.4 Fighting
 + Level 4.1 Axes
 + Level 2.0 Throwing
 + Level 3.1 Dodging
 + Level 0.1 Stealth
 + Level 0.2 Shields


You had 3 spell levels left.
You didn't know any spells.
Your spell library was empty.

Dungeon Overview and Level Annotations

Branches:
Dungeon (4/15)
 Temple: D:4-7

Altars:
Cheibriados
Wu Jian


Innate Abilities, Weirdness & Mutations

You are too large for most types of armour.
You have tough skin. (AC +1)


Message History

Cheibriados appreciates the change of pace.
You slash the jackal!
You kill the jackal!
Cheibriados appreciates the change of pace.
An orc comes into view. It is wielding a +0 club.
The water moccasin hisses angrily.
An orc priest comes into view. It is wielding a +0 hand axe.
The jackal barely misses you.
You closely miss the jackal. The jackal barely misses you. x2
You slash the jackal!
You kill the jackal!
Cheibriados appreciates the change of pace.
The orc priest mumbles some strange prayers to Beogh against you.
Beogh smites you!
You slash the water moccasin!
The water moccasin is heavily wounded.
You slash the orc!
You kill the orc!
Cheibriados appreciates the change of pace.
The water moccasin barely misses you. The water moccasin bites you!
You hit the water moccasin but do no damage.
The water moccasin is heavily wounded.
The water moccasin bites you. The water moccasin closely misses you.
You barely miss the water moccasin.
The water moccasin is heavily wounded.
You block the water moccasin's attack.
An orc comes into view. It is wielding a +0 mace.
The water moccasin bites you.
The orc shouts!
The water moccasin completely misses you.
The orc priest calls down the wrath of Beogh upon you.
Beogh smites you!
* * * LOW HITPOINT WARNING * * *
You block the water moccasin's attack.
You hit the orc priest.
The orc priest is lightly wounded.
You hit the water moccasin. The water moccasin barely misses you.
The orc priest invokes the aid of Beogh against you.
Beogh smites you!
You die...

..........
.%......###
#.........##
#..........#
#
##.........#
##.
...........
.<..
###....#
....#.#..@.#
##...)So##
#..#.†...#
...#...).!##
.. ###.o.##
....##
.......
≈≈........
≈≈..##....


You could see a water moccasin, an orc priest and an orc.

Vanquished Creatures
  An adder (D:3)
  A worm (D:3)
  A dart slug (D:2)
  An orc (D:4)
  5 ball pythons
  10 endoplasms
  A giant cockroach (D:2)
  2 goblins
  6 hobgoblins
  4 jackals (D:4)
  A quokka (D:2)
  6 bats
  3 frilled lizards
  9 kobolds
  3 rats
54 creatures vanquished.

Notes
Turn   | Place    | Note
-------+----------+-------------------------------------------
     0 | D:1      | gandelin the Ogre Gladiator began the quest for the Orb.
     0 | D:1      | Reached XP level 1. HP: 22/22 MP: 1/1
    13 | D:1      | Found a faded altar of an unknown god.
    66 | D:1      | Prayed at the altar of an unknown god.
    66 | D:1      | Became a worshipper of Cheibriados the Contemplative
    66 | D:1      | Reached * piety under Cheibriados
   222 | D:1      | Reached XP level 2. HP: 29/29 MP: 2/2
   687 | D:2      | Reached XP level 3. HP: 36/36 MP: 3/3
   692 | D:2      | Reached ** piety under Cheibriados
  1027 | D:2      | Upgraded the game from 0.31-a0-983-g7b6862f502 to
                  | 0.31-a0-986-g5e6e4ef867
  1120 | D:3      | Identified the of Dieneenta
  1185 | D:3      | Found an ornate altar of the Wu Jian Council.
  1197 | D:3      | Reached skill level 4 in Axes
  1208 | D:3      | Reached XP level 4. HP: 44/45 MP: 4/4
  1464 | D:4      | Reached *** piety under Cheibriados
  1464 | D:4      | Noticed a water moccasin
  1476 | D:4      | Killed from afar by an orc priest

Illustrated notes

Levels and vault maps discovered:
D:1:      lightli_arrival_boilingwater, layout_rooms,
          chequers_ecumenical_altar_island, serial_aquarium,
          aquarium_bridge_straight [aquarium_subvault_bridge,
          aquarium_subvault_window, aquarium_subvault_bridge,
          aquarium_subvault_window], aquarium_bridge_island_small
          [aquarium_subvault_small_water, aquarium_subvault_window,
          aquarium_subvault_window, aquarium_subvault_wall,
          aquarium_subvault_bridge], aquarium_window_double, aquarium_window_2,
          aquarium_view_2d, aquarium_balcony_5b, aquarium_pool_2
D:2:      layout_basic, minmay_pentomino_o4
D:3:      minmay_door_path, layout_loops_corners, nicolae_wu_jian_wuxing_cycle,
          uniq_natasha, uniq_grinder
D:4:      layout_cave_pools, mainiacjoe_overflow_catwalk,
          nicolae_shop_overcharged_wands, uniq_blork_the_orc

Skill      XL: |  1  2  3 |
---------------+----------+-----
Dodging        | 3 |  3.1
Fighting       | 3 |  3.4
Axes           | 4 |  4.1
Throwing       | |  2.0
Stealth        | |  0.1
Shields        | |  0.2

Action                     |  1- 3 |  4- 6 || total
---------------------------+-------+-------++-------
  Melee: War axe           |   139 |    14 ||   153
    Use: Scroll            |     3 |       ||     3
   Stab: Sleeping          |     2 |       ||     2
 Armour: Robe              |    95 |     5 ||   100
  Dodge: Dodged            |    90 |    12 ||   102
  Block: Other             |    13 |     3 ||    16

Table legend: (Time is in decaauts)
 A = Elapsed time spent in this place.
 B = Non-inter-level travel time spent in this place.
 C = Inter-level travel time spent in this place.
 D = Time resting spent in this place.
 E = Time spent auto-exploring this place.
 F = Levels seen in this place.
 G = Mean time per level.
                   A        B        C        D        E       F      G
               +--------+--------+--------+--------+--------+-----+--------+
         Total |   2093 |   1251 |    842 |      0 |      0 |   4 |  523.2 |
       Dungeon |   2093 |   1251 |    842 |      0 |      0 |   4 |  523.2 |
               +--------+--------+--------+--------+--------+-----+--------+

Top non-repeatable levels by time:
     D:1: 902 daAuts
     D:2: 654 daAuts
     D:3: 510 daAuts
     D:4: 26 daAuts
